AoeStats
← VL Lemoine

MegaRandom

506698685Analyzed
1v1 RM · 18d ago on Sep 14, 2026· 27m 55s· 2 players
Game mode
Random Map
Map size
Tiny (2 player)
Population
200
Speed
Normal
Resources
Standard
Victory
Conquest
Starting age
Dark Age
Ending age
Imperial Age
RankedLock teamsTeams togetherTeam positionsShared explorationLock speedFull tech treeHidden civsTurbo modeCheats
Victory
Defeat
🇲🇽 Bulgarians · Mexico
1912
+19
🇫🇷 Burmese · France
1968
-19
VL Lemoine
6:39 Loom
8:46 Feudal Age
9:28 Double-Bit Axe
9:24 Horse Collar
16:31 Fletching
20:31 Castle Age
19:09 Padded Archer Armor
20:10 Scale Barding Armor
22:33 Bodkin Arrow
25:38 Town Watch
Mr.smeagoul
5:09 Loom
9:28 Feudal Age
9:28 Man-at-Arms
10:14 Horse Collar
15:08 Fletching
16:06 Padded Archer Armor
18:06 Town Watch
22:38 Castle Age
24:29 Wheelbarrow
23:58 Heavy Plow
28:09 Sanctity
Connection lost

Rejoining the realm…

Still unreachable

The connection could not be restored.

Session expired

The server has moved on; the page needs a fresh start.